Map: Defender's Landing LE

Players

TRUE

  • Race: Zerg Zerg
  • Spawn Location: 1:00

Elazer - Winner!

  • Race: Zerg Zerg
  • Spawn Location: 7:00

Event: WCS Valencia 2017

VOD

Have the link to the VOD?

Description

Time

  • Played on: July 15, 2017, 10:46 a.m.
  • Length: 6:20

All games in this series

Show
View Real Time Build Order
Export as new Build Order

TRUE Zerg 

Build Orders: Pool First 

Get SALT Encoding   

  12  0:00  Drone  
  13  0:10  Extractor  
  12  0:25  Spawning Pool  
  12  0:27  Drone  
  12  0:33  Drone  
  13  0:38  Drone  
  14  0:49  Overlord  
  14  1:12  Metabolic Boost  
  14  1:13  Queen  
  14  1:18  Zergling x2  
  17  1:22  Zergling x2  
  18  1:26  Zergling x2  
  19  1:52  Hatchery, Zergling x2  
  19  1:57  Zergling x2  
  19  2:01  Zergling x2  
  21  2:08  Overlord  
  21  2:15  Zergling x2  
  22  2:26  Zergling x4  
  22  2:27  Zergling x2  
  25  2:32  Zergling x2  
  26  2:43  Zergling x2  
  27  2:52  Zergling x4  
  27  2:53  Zergling x2  
  30  3:04  Zergling x4  
  30  3:05  Zergling x2  
  30  3:15  Zergling x4  
  32  3:26  Zergling x2  
  33  3:28  Zergling x2  
  34  3:36  Zergling x2  
  34  3:37  Zergling x2  
  34  3:41  Baneling Nest, Zergling x2  
  36  3:58  Overlord  
  36  3:59  Overlord  
  33  4:17  Zergling x2  
  33  4:18  Zergling x4  
  33  4:24  Zergling x2  
  36  4:25  Zergling x2  
  36  4:31  Zergling x2  
  27  4:41  Zergling x2  
  28  4:46  Zergling x2  
  28  4:49  Zergling x2  
  29  4:59  Baneling x2  
  29  5:08  Baneling  
  29  5:09  Baneling  
  29  5:12  Baneling  
  26  5:25  Zergling x2  
  26  5:26  Zergling x2  
  26  5:28  Zergling x2  
  23  5:32  Zergling x2  
  20  5:36  Zergling x2  
  20  5:41  Zergling x2  
  17  5:44  Zergling x2  
  17  5:49  Zergling x2  
  19  5:53  Zergling x2  
Show
View Real Time Build Order
Export as new Build Order

Elazer Zerg - Winner!

Build Orders: Pool First 

Get SALT Encoding   

  12  0:00  Drone  
  13  0:12  Overlord  
  13  0:17  Drone  
  14  0:30  Drone x2  
  14  0:34  Drone  
  17  0:37  Extractor  
  16  0:47  Spawning Pool  
  15  0:51  Drone  
  16  1:14  Hatchery  
  15  1:19  Drone  
  16  1:33  Queen  
  16  1:39  Metabolic Boost  
  18  1:42  Zergling x2  
  18  1:45  Zergling x2  
  20  1:49  Zergling x2  
  21  1:58  Overlord  
  21  2:05  Zergling x2  
  22  2:15  Queen  
  22  2:17  Zergling x2  
  25  2:28  Zergling x4  
  26  2:38  Zergling x4  
  26  2:41  Zergling x6  
  31  2:47  Queen  
  32  2:51  Overlord  
  32  2:59  Zergling x4  
  33  3:06  Zergling x2  
  33  3:10  Zergling x2  
  35  3:18  Zergling x2  
  36  3:22  Zergling x4  
  38  3:32  Zergling x4  
  40  3:35  Zergling x6  
  40  3:40  Zergling x2  
  44  3:44  Overlord  
  43  3:52  Zergling x2  
  43  4:08  Queen  
  41  4:13  Queen  
  41  4:15  Zergling x2  
  44  4:20  Spine Crawler  
  42  4:25  Zergling x6  
  31  4:33  Zergling x6  
  34  4:41  Zergling x4  
  36  4:51  Zergling x2  
  36  4:52  Zergling x4  
  38  5:01  Queen  
  39  5:08  Drone  
  40  5:15  Drone x2  
  39  5:30  Zergling x10  
  39  5:33  Zergling x2  
  34  5:37  Zergling x2  
  34  5:40  Zergling x2  
  32  5:44  Zergling x2  
  32  5:45  Zergling x2  
  34  5:51  Zergling x2  
  34  5:54  Zergling x2  
  34  5:58  Zergling x2  
  34  6:00  Zergling x2  
  34  6:02  Zergling x2  
Tags
 
Add a new tag
Caveats
  • Supply blocks, unpowered buildings, or Contaminate may cause inaccurate times.
  • Supply counts are checked every 10 seconds.